 Dungeon Crawl Stone Soup version 0.30-a0-168-g0b976cbdc4 (webtiles) character file.

Game seed: 8399346878509462912

268 qw the Chopper (level 6, -6/38 HPs)
             Began as a Gargoyle Fighter on Sept 29, 2022.
             Mangled by Duvessa
             ... wielding a +0 short sword
              (16 damage)
             ... on level 4 of the Dungeon.
             The game lasted 00:01:01 (2821 turns).

qw the Chopper (Gargoyle Fighter)                   Turns: 2821, Time: 00:01:02

Health: -6/38      AC: 14    Str: 22    XL:     6   Next: 21%
Magic:  6/6        EV:  7    Int:  8    God:
Gold:   188        SH:  4    Dex:  9    Spells: 5/5 levels left

rFire   . . .      SeeInvis .    Y - +1 war axe (freeze)
rCold   . . .      Faith    .    c - +0 buckler
rNeg    + . .      Spirit   .    f - +0 chain mail
rPois   inf        Reflect  .    (no helmet)
rElec   +          Harm     .    (no cloak)
rCorr   .          Rampage  .    n - +0 pair of gloves
Will    .....                    (no boots)
Stlth   ..........               (no amulet)
HPRegen 0.12/turn                (no ring)
MPRegen 0.10/turn                (no ring)

@: no status effects
A: sickness immunity, AC +4, negative energy resistance 1, electricity
resistance, torment resistance 1, petrification resistance
a: no special abilities


You were on level 4 of the Dungeon.
You visited 1 branch of the dungeon, and saw 4 of its levels.

You collected 188 gold pieces.


Innate Abilities, Weirdness & Mutations

You are immune to sickness and miasma.
Your stone body is resilient. (AC +4)
You are immune to poison.
You resist negative energy. (rN+)
You are resistant to electric shocks. (rElec)
You are resistant to unholy torment.
You are immune to petrification.


   Skills:
 - Level 4.0 Fighting
 + Level 5.4 Axes
 - Level 3.2 Armour
 - Level 3.2 Shields


You had 5 spell levels left.
You didn't know any spells.
Your spell library was empty.

Inventory:

Hand Weapons
 g - a +0 flail
 Y - a +1 war axe of freezing (weapon)
Armour
 c - a +0 buckler (worn)
 f - a +0 chain mail (worn)
 n - a +0 pair of gloves (worn)
Jewellery
 l - a ring of ice
Scrolls
 a - a scroll of identify
 j - a scroll of teleportation
Potions
 d - a potion of might
 e - a potion of curing
 i - a potion of magic {unknown}
 o - a potion of ambrosia {unknown}

Dungeon Overview and Level Annotations

Branches:
Dungeon (4/15)
 Temple: D:4-7

Altars:
Trog

Annotations:
D:2 1 runed translucent door, Crazy Yiuf
D:4 Duvessa


Message History

Found 14 gold pieces.
The orc priest shouts!
An orc comes into view. It is wielding a +0 short sword.
The orc priest mumbles some strange prayers to Beogh against you.
You barely resist. Dowan barely misses you.
The orc shouts!
You slash Dowan! You freeze Dowan.
Dowan is heavily wounded.
Dowan hits you with a +0 dagger.
You slash Dowan! You freeze Dowan.
Dowan is almost dead.
Dowan hits you with a +0 dagger.
You slash Dowan! You freeze Dowan.
You kill Dowan!
You hear a distant scream of rage.
Duvessa, Sister of Dowan comes into view.
She is wielding a +0 short sword.
An orc wizard comes into view. It is wielding a +0 dagger.
You have reached level 6!
Duvessa shouts!
Duvessa goes berserk!
The orc priest hits you but does no damage.
You closely miss the orc priest.
The orc priest hits you but does no damage.
You barely miss the orc. The orc hits you with a +0 short sword.
You hit Duvessa but do no damage. You hit the orc. You freeze the orc.
Duvessa hits you with a +0 short sword! Duvessa hits you but does no damage.
The orc wizard casts a spell.
The orc wizard flickers and vanishes!
Deactivating autopickup; reactivate with Ctrl-A.
The orc hits you but does no damage.
You hit the orc. You freeze the orc.
You kill the orc!
You hit Duvessa. You freeze Duvessa. Duvessa hits you with a +0 short sword.
Duvessa hits you with a +0 short sword!
You hit Duvessa but do no damage.
Duvessa is lightly wounded.
You barely miss the orc priest. Duvessa hits you with a +0 short sword!
You die...

#..##########
#......<....#
##.########.#
#.#
#####.####
#........####
#.###.......#
#@...##.#
...${.oe)..#
....###.....#
.. ......#
###.##.# #.#
.# #.. .. ###
##


You could see Duvessa (berserk) and an orc priest.

Vanquished Creatures
  Dowan (D:4)
  A hound (D:3)
  Ijyb (D:3)
  Terence (D:2)
  4 gnolls (D:2)
  3 adders
  A worm (D:3)
  4 dart slugs
  An orc (D:4)
  3 endoplasms
  3 giant cockroaches
  6 goblins
  7 hobgoblins
  2 quokkas
  4 ball pythons
  6 bats
  4 frilled lizards
  5 kobolds (D:3)
  7 rats
64 creatures vanquished.

Notes
Turn   | Place    | Note
-------+----------+-------------------------------------------
     0 | D:1      | qw the Gargoyle Fighter began the quest for the Orb.
     0 | D:1      | Reached XP level 1. HP: 14/14 MP: 1/1
     0 | D:1      | 0 ||| qw: Version: 0.2-a-12-gaebbb33
     0 | D:1      | 0 ||| qw: Game counter: 1195
     0 | D:1      | 0 ||| qw: Always use a shield: true
     0 | D:1      | 0 ||| qw: God list: Okawaru
     0 | D:1      | 0 ||| qw: Allow faded altars: false
     0 | D:1      | 0 ||| qw: Do Orc after D:15 true
     0 | D:1      | 0 ||| qw: Do second Lair branch before Depths: true
     0 | D:1      | 0 ||| qw: Lair rune preference: random
     0 | D:1      | 0 ||| qw: Plans: Normal, Zot:1-4, God:TSO, Crypt, Tomb,
                  | Pan, Slime:5, Hells, Abyss, Orb
     0 | D:1      | 0 ||| PLANNING D:1-11
   157 | D:1      | Reached skill level 2 in Axes
   317 | D:1      | Reached XP level 2. HP: 19/19 MP: 2/2
   322 | D:1      | 322 ||| Stepping ~*~*~tactically~*~*~ (hiding).
   812 | D:1      | 812 ||| UPGRADING to +0 pair of gloves.
   817 | D:1      | 817 ||| READING scroll labelled TOCIAF OLAPN.
   818 | D:1      | 818 ||| READING scroll labelled OTHRURROAJEED.
   819 | D:1      | 819 ||| READING scroll labelled RIDIPN KURIDGHOAX.
   820 | D:1      | 820 ||| READING scroll labelled PAOPRE PEYCRELEGE.
   870 | D:1      | 870 ||| READING 2 scrolls labelled HAGOAT LYCH.
   873 | D:1      | 873 ||| READING scroll labelled DUOKHAGOUCK.
   964 | D:2      | Noticed Terence
   973 | D:2      | Killed Terence
   974 | D:2      | Reached skill level 3 in Axes
   974 | D:2      | Reached XP level 3. HP: 15/23 MP: 3/3
  1035 | D:2      | 1035 ||| Stepping ~*~*~tactically~*~*~ (stealth).
  1096 | D:2      | 1096 ||| Stepping ~*~*~tactically~*~*~ (stealth).
  1105 | D:2      | Reached XP level 4. HP: 14/28 MP: 4/4
  1108 | D:2      | Reached skill level 4 in Axes
  1125 | D:2      | 1125 ||| Stepping ~*~*~tactically~*~*~ (stealth).
  1283 | D:2      | 1283 ||| Stepping ~*~*~tactically~*~*~ (hiding).
  1287 | D:2      | 1287 ||| Stepping ~*~*~tactically~*~*~ (hiding).
  1295 | D:2      | 1295 ||| Stepping ~*~*~tactically~*~*~ (stealth).
  1341 | D:2      | 1341 ||| Stepping ~*~*~tactically~*~*~ (stealth).
  1342 | D:2      | 1342 ||| DROPPING +0 club.
  1524 | D:2      | 1524 ||| Stepping ~*~*~tactically~*~*~ (stealth).
  1529 | D:2      | 1529 ||| Stepping ~*~*~tactically~*~*~ (stealth).
  1530 | D:2      | 1530 ||| Stepping ~*~*~tactically~*~*~ (stealth).
  1541 | D:2      | Identified the +4 dagger of Isouge Pock {vorpal, *Rage rC+
                  | Str+4 SInv}
  1639 | D:2      | 1639 ||| Stepping ~*~*~tactically~*~*~ (hiding).
  1965 | D:2      | 1965 ||| DROPPING +2 hammer of protection.
  1968 | D:2      | Found a runed translucent door.
  1969 | D:2      | Noticed Crazy Yiuf
  2073 | D:2      | 2073 ||| UPGRADING to +0 chain mail.
  2083 | D:2      | 2083 ||| DROPPING +0 scale mail.
  2084 | D:2      | 2084 ||| READING scroll labelled XEJAETSE VITIVAF.
  2085 | D:2      | 2085 ||| READING scroll labelled PAEKKU NEAFURO.
  2086 | D:2      | 2086 ||| READING scroll labelled POKHLO RUGE.
  2145 | D:3      | Noticed Ijyb
  2160 | D:3      | Killed Ijyb
  2161 | D:3      | Reached XP level 5. HP: 17/32 MP: 5/5
  2330 | D:3      | Reached skill level 5 in Axes
  2632 | D:3      | 2632 ||| Stepping ~*~*~tactically~*~*~ (stealth).
  2683 | D:3      | Found a bloodstained altar of Trog.
  2768 | D:3      | 2768 ||| READING scroll labelled URIXZU VUPPEGOSK.
  2769 | D:3      | 2769 ||| READING 3 scrolls of identify.
  2769 | D:3      | 2769 ||| IDENTIFYING bubbling black potion
  2770 | D:3      | 2770 ||| READING 2 scrolls of identify.
  2770 | D:3      | 2770 ||| IDENTIFYING purple potion
  2771 | D:3      | 2771 ||| DROPPING potion of invisibility.
  2809 | D:4      | Noticed Dowan
  2815 | D:4      | Killed Dowan
  2815 | D:4      | Noticed Duvessa
  2816 | D:4      | Reached XP level 6. HP: 33/38 MP: 6/6
  2821 | D:4      | Mangled by Duvessa

Levels and vault maps discovered:
D:1:      dpeg_arrival_snail, layout_loops_ring, minmay_domino_2
D:2:      layout_basic, st_stairs_13, uniq_terence, uniq_crazy_yiuf_cottage
D:3:      layout_basic, trog_hazing_becter, uniq_ijyb
D:4:      layout_loops_corners, minmay_temple_entry_water_ring,
          nicolae_concentric_dashed_squares_mild, minmay_misc_feat_square,
          nicolae_elemental_shop, minmay_misc_feat_room, grunt_ministairs_7,
          uniq_duvessa

Skill      XL: |  1  2  3  4  5 |
---------------+----------------+-----
Axes           | 2 3 4 5 |  5.4
Fighting       | 4 |  4.0
Armour         | |  3.2
Shields        | |  3.2

Action                   |  1- 3 |  4- 6 || total
-------------------------+-------+-------++-------
Melee: War axe           |    60 |   118 ||   178
  Use: Scroll            |     6 |     6 ||    12
Armor: Scale mail        |    34 |    17 ||    51
       Chain mail        |       |    29 ||    29
Dodge: Dodged            |    27 |    33 ||    60
Block: Buckler           |     7 |    21 ||    28

Table legend:
 A = Non-vault XP
 B = Vault XP
 C = Vault XP percentage of total XP
 D = Non-vault monster count
 E = Vault monster count
 F = Vault count percentage of total count
                 A         B        C        D         E       F
            +---------+---------+-------+---------+---------+-------
      Total |     213 |     170 |  44.4 |      52 |      12 |  18.8
            +---------+---------+-------+---------+---------+-------
        D:1 |      27 |       2 |   6.9 |      15 |       1 |   6.2
        D:2 |      81 |      52 |  39.1 |      16 |       3 |  15.8
        D:3 |     102 |      47 |  31.5 |      20 |       7 |  25.9
        D:4 |       3 |      69 |  95.8 |       1 |       1 |  50.0
            +---------+---------+-------+---------+---------+-------
